 Dungeon Crawl Stone Soup version 0.29-a0-834-g1e95ca9f62 (webtiles) character file.

Game seed: 7810100084430553063

1 LynnLen the Vexing (level 1, 0/10 HPs)
             Began as a Vampire Enchanter on July 13, 2022.
             Slain by a goblin
             ... wielding a +0 club
              (2 damage)
             ... on level 1 of the Dungeon.
             The game lasted 00:00:24 (54 turns).

LynnLen the Vexing (Vampire Enchanter)                Turns: 54, Time: 00:00:26

Health: 0/10       AC:  3    Str:  7    XL:     1   Next: 16%
Magic:  3/3        EV: 11    Int: 17    God:
Gold:   0          SH:  0    Dex: 14    Spells: 4/4 levels left

rFire   . . .      SeeInvis +   a - +1 dagger
rCold   + + .      Faith    .   (no shield)
rNeg    + + +      Spirit   .   d - +0 leather armour
rPois   ∞          Reflect  .   (no helmet)
rElec   .          Harm     .   (no cloak)
rCorr   .          Rampage  .   (no gloves)
Will    .....                   (no boots)
Stlth   ++++......              (no amulet)
HPRegen 0.00/turn               (no ring)
MPRegen 0.08/turn               (no ring)

@: bloodless, inhibited regen
A: bloodless, fangs 3, see invisible, vampiric 1
a: Revivify


You were on level 1 of the Dungeon.
You visited 1 branch of the dungeon, and saw 1 of its levels.

Inventory:

Hand Weapons
 a - a +1 dagger (weapon)
Armour
 b - a +0 robe
 d - a +0 leather armour (worn)
Potions
 c - 2 potions of invisibility


   Skills:
 * Level 1.1 Short Blades
 + Level 2.2 Dodging
 + Level 4.4 Stealth
 - Level 2.0 Spellcasting
 - Level 4.4 Hexes


You had 4 spell levels left.
You didn't know any spells.
Your spell library contained the following spells:

 Spells                   Type           Power      Damage    Failure   Level
 Confusing Touch          Hex            16%        N/A       14%         3
 Tukima's Dance           Hex            16%        N/A       14%         3
 Ensorcelled Hibernation  Hex/Ice        18%        N/A       19%         2
 Dazzling Flash           Conj/Hex       18%        N/A       34%         3


Dungeon Overview and Level Annotations

Branches:
Dungeon (1/15)

Altars:


Innate Abilities, Weirdness & Mutations

You do not regenerate when monsters are visible.
You are frail without blood (-20% HP).
You can heal yourself when you bite living creatures.
You are immune to poison.
You have razor-sharp teeth.
You have supernaturally acute eyesight. (SInv)
You are afflicted with vampirism.


Message History

An endoplasm comes into view.
Found a mace.
You see here a +0 leather armour.
Found an escape hatch in the floor.
The endoplasm quivers.
You hit the endoplasm. You bite the endoplasm.
The endoplasm is heavily wounded.
The endoplasm hits you but does no damage.
You hit the endoplasm.
You kill the endoplasm!
Okay, then.
You begin bloodletting.
You continue bloodletting. x5
HP restored.
You become bloodless.
Setting a skill training target for Short Blades at 10.0.
You see here a +0 leather armour.
d - a +0 leather armour You start removing your armour.
You continue taking off your +0 robe. x4
You finish taking off your +0 robe.
You start putting on your armour.
You continue putting on your +0 leather armour. x5
You finish putting on your +0 leather armour.
Found a robe. 2 goblins come into view.
There are monsters nearby!
A hobgoblin comes into view.
The hobgoblin shouts!
The goblin shouts!
The hobgoblin hits you.
The hobgoblin hits you but does no damage.
You hit the goblin.
The goblin is heavily wounded.
You closely miss the goblin.
The goblin is heavily wounded.
The hobgoblin hits you. The goblin misses you.
You hit the goblin.
The goblin is severely wounded.
A kobold comes into view. It is wielding a +0 whip.
The hobgoblin hits you.
* * * LOW HITPOINT WARNING * * *
The goblin hits you with a +0 club.
You die...

#.....#########.....#
#.............##.....#
#.....#........ #.....
#......####.... #....
#........# .. #...
#......#.# # . #..
#..###.##.###.#... ###
#.##.........
#g@#.........
##g#.........
#...g......#
###[.......#
#.K....... ..........
.........# ##.######
.#


You could see a hobgoblin, a goblin and a kobold (wandering).

Vanquished Creatures
  An endoplasm (D:1)
1 creature vanquished.

Notes
Turn   | Place    | Note
-------+----------+-------------------------------------------
     0 | D:1      | LynnLen the Vampire Enchanter began the quest for the Orb.
     0 | D:1      | Reached XP level 1. HP: 13/13 MP: 3/3
    54 | D:1      | Slain by a goblin

Illustrated notes

Levels and vault maps discovered:
D:1:      psy_arrival_spokes, layout_rooms, ebering_ecumenical_altar_petrified,
          minmay_misc_feat_square

Action                   || total
-------------------------++-------
Melee: Dagger            ||     5
       Bite              ||     1
 Abil: Exsanguinate      ||     1
Armor: Robe              ||     1
       Leather armour    ||     1
Dodge: Dodged            ||     1

Table legend: (Time is in decaauts)
 A = Elapsed time spent in this place.
 B = Non-inter-level travel time spent in this place.
 C = Inter-level travel time spent in this place.
 D = Time resting spent in this place.
 E = Time spent auto-exploring this place.
 F = Levels seen in this place.
 G = Mean time per level.
                   A        B        C        D        E       F      G
               +--------+--------+--------+--------+--------+-----+--------+
         Total |     53 |     53 |      0 |      0 |      8 |   1 |   53.0 |
       Dungeon |     53 |     53 |      0 |      0 |      8 |   1 |   53.0 |
               +--------+--------+--------+--------+--------+-----+--------+

Top non-repeatable levels by time:
     D:1: 53 daAuts
